Senators vs Punishers
Created - April 29, 2021 at 19:00
Goals
|
| Senators |
0 |
3 |
0 |
3 |
| Punishers |
1 |
4 |
1 |
6 |
|
Shots
|
| Senators |
11 |
13 |
13 |
37 |
| Punishers |
8 |
19 |
8 |
35 |
|
1st period
1. Punishers , Corey Tropp 33 (Adam Pelech 39, Zack Hamill 32) at 6:09
Penalties :
No Penalty
2nd period
2. Punishers , Carter Ashton 16 (Radek Faksa 57) at 4:13
3. Senators , Tomas Jurco 17 (Chandler Stephenson 18, Zemgus Girgensons 20) at 5:03 (PP)
4. Punishers , Zack Hamill 19 (Corey Tropp 35, Adam Pelech 40) at 5:41
5. Punishers , Corey Tropp 34 (Zack Hamill 33) at 7:29
6. Punishers , Joseph Cramarossa 7 (Michael Joly 3) at 12:29
7. Senators , Zachary Sanford 31 (Kevin Rooney 23) at 12:33
8. Senators , Zachary Sanford 32 (Jonathan Ferland 67, Kevin Rooney 24) at 16:07
Penalties :
Jack Dougherty (Bel) for Roughing (Minor) at 0:43, Corey Tropp (Pro) for Tripping (Minor) at 4:24, Scott Harrington (Bel) for Diving (Minor) at 7:52
3rd period
9. Punishers , Austen Brassard 22 (John Quenneville 14, Corey Tropp 36) at 14:33
Penalties :
Radek Faksa (Pro) for Holding Stick (Minor) at 5:55, Brett Bulmer (Bel) for Hooking (Minor) at 8:20, Joseph Cramarossa (Pro) for Interference (Minor) at 11:01
Goalie Stats
Justin Peters (Bel), 10 saves from 14 shots - (0.714), L, 26-27-3, 27:29 minutes
Sami Aittokallio (Bel), 19 saves from 21 shots - (0.905), 32:31 minutes
Louis Domingue (Pro), 34 saves from 37 shots - (0.919), W, 34-22-3, 60:00 minutes
Players Stats for Senators
Player Name G A P +/- PIM S H SB GA TA FO MP PP MP PK MP
------------------------------------------------------------------------------------
Adam Ollas-Mattsson 0 0 0 0 0 0 1 0 0 0 0/0 5:03 0:00 0:49
Anthony Richard 0 0 0 0 0 0 0 0 0 0 0/1 8:07 0:00 0:00
Brett Bulmer 0 0 0 0 2 6 2 0 0 0 0/1 8:06 0:00 0:00
Chandler Stephenson 0 1 1 -2 0 1 2 0 0 0 5/14 14:52 2:12 0:00
Dylan Blujus 0 0 0 -1 0 0 1 4 0 0 0/0 25:27 2:35 3:12
Eric Mestery 0 0 0 -1 0 2 3 1 0 0 0/0 18:58 1:47 2:31
Grant Besse 0 0 0 -3 0 2 1 0 1 0 0/0 12:20 0:00 0:00
Jack Dougherty 0 0 0 -1 2 2 3 3 0 1 0/0 18:08 1:47 1:41
Jake Evans 0 0 0 -3 0 2 0 0 0 0 1/5 13:53 0:00 1:32
Joel Eriksson Ek 0 0 0 0 0 0 0 0 0 0 0/0 0:00 0:00 0:00
Jonathan Ferland 0 1 1 1 0 3 1 0 2 0 0/6 21:45 2:25 3:02
Joonas Lyytinen 0 0 0 -2 0 2 1 0 0 0 0/0 12:27 0:15 1:20
Kevin Rooney 0 2 2 1 0 1 3 0 0 0 22/33 19:01 2:25 0:18
Kyle Connor 0 0 0 -3 0 1 0 0 0 0 0/0 12:36 0:00 0:15
Philippe Myers 0 0 0 -2 0 0 2 0 0 0 0/0 11:21 0:15 0:14
Scott Harrington 0 0 0 -1 2 1 2 1 0 0 0/0 28:35 2:35 2:07
Tomas Jurco 1 0 1 -2 0 2 0 1 0 0 0/0 18:02 2:12 3:10
Warren Foegele 0 0 0 0 0 0 0 0 0 0 0/0 8:07 0:00 0:00
Zachary Sanford 2 0 2 1 0 11 0 0 1 0 2/5 20:03 2:25 1:20
Zemgus Girgensons 0 1 1 -2 0 1 3 0 2 0 0/0 17:09 2:12 2:17
Players Stats for Punishers
Player Name G A P +/- PIM S H SB GA TA FO MP PP MP PK MP
------------------------------------------------------------------------------------
Adam Pelech 0 2 2 2 0 3 2 5 0 1 0/0 25:49 3:05 3:11
Alex Schoenborn 0 0 0 0 0 0 0 0 0 0 0/0 0:15 0:15 0:00
Andreas Athanasiou 0 0 0 1 0 0 2 1 0 0 2/2 21:14 3:03 1:42
Anton Blidh 0 0 0 0 0 0 0 0 0 0 0/0 0:27 0:27 0:00
Austen Brassard 1 0 1 1 0 1 1 0 0 0 0/0 11:31 0:00 0:00
Austin Wagner 0 0 0 0 0 0 0 0 0 0 0/0 0:13 0:00 0:08
Ben Betker 0 0 0 2 0 1 1 2 0 0 0/0 19:39 2:52 1:26
Brett Kulak 0 0 0 2 0 1 0 0 0 3 0/0 19:39 2:52 1:26
Carter Ashton 1 0 1 1 0 4 0 0 0 0 0/1 15:43 2:42 0:00
Connor Clifton 0 0 0 0 0 0 0 0 0 0 0/0 4:45 0:00 0:00
Corey Tropp 2 2 4 1 2 5 0 0 0 0 4/4 22:12 3:00 2:18
Daniel Audette 0 0 0 1 0 1 0 0 0 0 2/4 7:54 0:00 0:00
Fredrik Claesson 0 0 0 0 0 0 0 0 0 0 0/0 9:47 0:00 0:00
Gabriel Gagne 0 0 0 0 0 0 0 0 0 0 0/0 0:00 0:00 0:00
John Quenneville 0 1 1 1 0 2 3 1 0 0 2/6 11:31 0:00 0:00
Joseph Cramarossa 1 0 1 1 2 2 0 1 0 0 0/1 7:58 0:00 0:00
Madison Bowey 0 0 0 2 0 2 0 2 0 0 0/0 25:49 3:05 3:11
Michael Joly 0 1 1 1 0 0 1 0 0 1 0/0 7:54 0:00 0:00
Nicolas Roy 0 0 0 0 0 0 0 0 0 0 0/0 1:42 0:00 1:37
Nikita Gusev 0 0 0 1 0 1 0 0 0 0 0/0 11:31 0:00 0:00
Niko Mikkola 0 0 0 0 0 0 0 1 0 0 0/0 4:45 0:00 0:00
Noah Juulsen 0 0 0 0 0 0 0 0 0 0 0/0 9:47 0:00 0:00
Radek Faksa 0 1 1 1 2 2 1 0 0 0 5/7 16:31 2:42 0:23
Tyler Bertuzzi 0 0 0 1 0 2 0 0 0 0 1/1 15:43 2:42 0:00
Zack Hamill 1 2 3 1 0 8 0 0 1 1 19/39 23:01 3:00 3:06
3 Stars
1 - Corey Tropp (Pro)
2 - Zack Hamill (Pro)
3 - Adam Pelech (Pro)
Power Play
Senators - 1 on 3 Attempt(s) - 33.33%
Punishers - 0 on 3 Attempt(s) - 0.00%
Penalty Kill
Senators - 3 on 3 Attempt(s) - 100.00%
- Score 0 goal in Penalty Kill
Punishers - 2 on 3 Attempt(s) - 66.67%
- Score 0 goal in Penalty Kill
Team Stat
Senators - Hits : 25 - Faceoff Wins : 30 - Blocked Shots : 10 - Penalty Minutes : 6
Punishers - Hits : 11 - Faceoff Wins : 35 - Blocked Shots : 13 - Penalty Minutes : 6
Official
Referees : Unknown
Linesman : Unknown
Game Notes
2:44 of 1st period - Senators goal is going for a video replay. After video review, No Goal. The puck has been kicked using a distinct kicking motion.
Sami Aittokallio enters game at 7:29 of 2nd period
Finance
Level 1 -- Attendance: 1440 (72.00%) -- Ticket Income $57,600
Level 2 -- Attendance: 732 (73.20%) -- Ticket Income $14,640
Total Attendance: 2172 (72.40%)
Total Ticket Income: $72,240
Other Income: $3,612
Total Income: $75,852
Senators
5 vs 5 Forward
Center Left Wing Right Wing Time % Phy DF OF
1 Kevin Rooney Zachary Sanford Jonathan Ferland 40 1 2 2
2 Chandler Stephenson Zemgus Girgensons Tomas Jurco 30 1 2 2
3 Jake Evans Kyle Connor Grant Besse 20 1 2 2
4 Anthony Richard Warren Foegele Brett Bulmer 10 1 2 2
5 vs 5 Defense
Defense Defense Time % Phy DF OF
1 Scott Harrington Dylan Blujus 40 1 2 2
2 Eric Mestery Jack Dougherty 30 1 2 2
3 Philippe Myers Joonas Lyytinen 20 1 2 2
4 Adam Ollas-Mattsson Scott Harrington 10 1 2 2
PowerPlay Forward
Center Left Wing Right Wing Time % Phy DF OF
1 Kevin Rooney Zachary Sanford Jonathan Ferland 60 1 2 2
2 Chandler Stephenson Zemgus Girgensons Tomas Jurco 40 1 2 2
PowerPlay Defense
Defense Defense Time % Phy DF OF
1 Scott Harrington Dylan Blujus 60 1 2 2
2 Eric Mestery Jack Dougherty 40 1 2 2
Penalty Kill 4 Players Forward
Center Wing Time % Phy DF OF
1 Jonathan Ferland Tomas Jurco 60 1 2 2
2 Zachary Sanford Zemgus Girgensons 40 1 2 2
Penalty Kill 4 Players Defense
Defense Defense Time % Phy DF OF
1 Scott Harrington Dylan Blujus 60 1 2 2
2 Eric Mestery Jack Dougherty 40 1 2 2
Penalty Kill - 3 Players Forward
Forward Time % Phy DF OF
1 Jonathan Ferland 60 1 2 2
2 Tomas Jurco 40 1 2 2
Penalty Kill - 3 Players Defense
Defense Defense Time % Phy DF OF
1 Scott Harrington Dylan Blujus 60 1 2 2
2 Eric Mestery Jack Dougherty 40 1 2 2
4 vs 4 Forward
Center Wing Time % Phy DF OF
1 Jonathan Ferland Tomas Jurco 60 1 2 2
2 Zachary Sanford Zemgus Girgensons 40 1 2 2
4 vs 4 Defense
Defense Defense Time % Phy DF OF
1 Scott Harrington Dylan Blujus 60 1 2 2
2 Eric Mestery Jack Dougherty 40 1 2 2
Last Minutes Offensive
Center Left Wing Right Wing Defense Defense
Kevin Rooney Zachary Sanford Jonathan Ferland Scott Harrington Dylan Blujus
Last Minutes Defensive
Center Left Wing Right Wing Defense Defense
Kevin Rooney Zachary Sanford Jonathan Ferland Scott Harrington Dylan Blujus
Goaltenders
Starting : Justin Peters
Backup : Sami Aittokallio
Extra Forwards
Normal : Joel Eriksson Ek, Kyle Connor, Jake Evans - PP : Joel Eriksson Ek, Kyle Connor - PK : Jake Evans
Extra Defensemen
Normal : Philippe Myers, Joonas Lyytinen, Adam Ollas-Mattsson - PP : Philippe Myers - PK : Joonas Lyytinen, Adam Ollas-Mattsson
Penalty Shots
Jonathan Ferland, Tomas Jurco, Zachary Sanford, Zemgus Girgensons, Kevin Rooney
Scratches
Jordan Schroeder (Healthy), Zach Nastasiuk (Healthy), Jonas Siegenthaler (Healthy), Mason Geertsen (Healthy), Nathan Gerbe (Healthy)
Blake Coleman (Healthy), Keegan Lowe (Left Forearm Injury), Branden Troock (Healthy), Nick Foligno (Healthy), Gustav Forsling (Healthy)
A.J. Jenks (Healthy), Maxim Letunov (Healthy), Pontus Sjalin (Healthy), Keven Bouchard (Healthy)
Punishers
5 vs 5 Forward
Center Left Wing Right Wing Time % Phy DF OF
1 Zack Hamill Andreas Athanasiou Corey Tropp 40 1 2 2
2 Radek Faksa Tyler Bertuzzi Carter Ashton 30 1 2 2
3 John Quenneville Nikita Gusev Austen Brassard 20 1 2 2
4 Daniel Audette Joseph Cramarossa Michael Joly 10 1 2 2
5 vs 5 Defense
Defense Defense Time % Phy DF OF
1 Madison Bowey Adam Pelech 40 1 2 2
2 Brett Kulak Ben Betker 30 1 2 2
3 Fredrik Claesson Noah Juulsen 20 1 2 2
4 Connor Clifton Niko Mikkola 10 1 2 2
PowerPlay Forward
Center Left Wing Right Wing Time % Phy DF OF
1 Zack Hamill Andreas Athanasiou Corey Tropp 60 1 2 2
2 Radek Faksa Tyler Bertuzzi Carter Ashton 40 1 2 2
PowerPlay Defense
Defense Defense Time % Phy DF OF
1 Madison Bowey Adam Pelech 60 1 2 2
2 Brett Kulak Ben Betker 40 1 2 2
Penalty Kill 4 Players Forward
Center Wing Time % Phy DF OF
1 Zack Hamill Corey Tropp 60 1 2 2
2 Andreas Athanasiou Radek Faksa 40 1 2 2
Penalty Kill 4 Players Defense
Defense Defense Time % Phy DF OF
1 Madison Bowey Adam Pelech 60 1 2 2
2 Brett Kulak Ben Betker 40 1 2 2
Penalty Kill - 3 Players Forward
Forward Time % Phy DF OF
1 Zack Hamill 60 1 2 2
2 Corey Tropp 40 1 2 2
Penalty Kill - 3 Players Defense
Defense Defense Time % Phy DF OF
1 Madison Bowey Adam Pelech 60 1 2 2
2 Brett Kulak Ben Betker 40 1 2 2
4 vs 4 Forward
Center Wing Time % Phy DF OF
1 Zack Hamill Corey Tropp 60 1 2 2
2 Andreas Athanasiou Radek Faksa 40 1 2 2
4 vs 4 Defense
Defense Defense Time % Phy DF OF
1 Madison Bowey Adam Pelech 60 1 2 2
2 Brett Kulak Ben Betker 40 1 2 2
Last Minutes Offensive
Center Left Wing Right Wing Defense Defense
Zack Hamill Andreas Athanasiou Corey Tropp Madison Bowey Adam Pelech
Last Minutes Defensive
Center Left Wing Right Wing Defense Defense
Zack Hamill Andreas Athanasiou Corey Tropp Madison Bowey Adam Pelech
Goaltenders
Starting : Louis Domingue
Backup : Daniel Altshuller
Extra Forwards
Normal : Anton Blidh, Alex Schoenborn, Nicolas Roy - PP : Anton Blidh, Alex Schoenborn - PK : Nicolas Roy
Extra Defensemen
Normal : Fredrik Claesson, Noah Juulsen, Connor Clifton - PP : Fredrik Claesson - PK : Noah Juulsen, Connor Clifton
Penalty Shots
Zack Hamill, Corey Tropp, Andreas Athanasiou, Radek Faksa, Tyler Bertuzzi
Scratches
Elias Lindholm (Healthy)
% Time on Ice - Senators
Lines # - Real PCT - Wanted PCT - Time Play
Normal Forward
1 - 33% - 40% - 16:19
2 - 26% - 30% - 12:40
3 - 25% - 20% - 12:20
4 - 16% - 10% - 8:07
Normal Defense
1 - 41% - 40% - 20:03
2 - 30% - 30% - 14:40
3 - 21% - 20% - 10:29
4 - 9% - 10% - 4:14
PP Forward
1 - 52% - 60% - 2:25
2 - 48% - 40% - 2:12
PP Defense
1 - 61% - 60% - 2:50
2 - 39% - 40% - 1:47
PK Forward
1 - 78% - 60% - 4:37
2 - 22% - 40% - 1:20
PK Defense
1 - 58% - 60% - 3:26
2 - 42% - 40% - 2:31
PK3 Forward
1 - 0% - 60%
2 - 0% - 40%
PK3 Defense
1 - 0% - 60%
2 - 0% - 40%
44 Forward
1 - 0% - 60%
2 - 0% - 40%
44 Defense
1 - 0% - 60%
2 - 0% - 40%
Last Minute Offensive - 0:00
Last Minute Defensive - 0:00
Total
Forward - 60:00
Defense - 60:00
|
% Time on Ice - Punishers
Lines # - Real PCT - Wanted PCT - Time Play
Normal Forward
1 - 34% - 40% - 17:00
2 - 26% - 30% - 13:01
3 - 23% - 20% - 11:31
4 - 16% - 10% - 7:54
Normal Defense
1 - 40% - 40% - 19:33
2 - 31% - 30% - 15:21
3 - 20% - 20% - 9:47
4 - 10% - 10% - 4:45
PP Forward
1 - 55% - 60% - 3:15
2 - 45% - 40% - 2:42
PP Defense
1 - 52% - 60% - 3:05
2 - 48% - 40% - 2:52
PK Forward
1 - 82% - 60% - 3:46
2 - 18% - 40% - 0:51
PK Defense
1 - 69% - 60% - 3:11
2 - 31% - 40% - 1:26
PK3 Forward
1 - 0% - 60%
2 - 0% - 40%
PK3 Defense
1 - 0% - 60%
2 - 0% - 40%
44 Forward
1 - 0% - 60%
2 - 0% - 40%
44 Defense
1 - 0% - 60%
2 - 0% - 40%
Last Minute Offensive - 0:00
Last Minute Defensive - 0:00
Total
Forward - 60:00
Defense - 60:00
|
Play-by-Play
1st period
0:01 of 1st period - Kevin Rooney wins face-off versus Zack Hamill in neutral zone.
0:37 of 1st period - Wrist shot by Zemgus Girgensons.
0:37 of 1st period - Stopped by Louis Domingue with a rebound.
0:55 of 1st period - Snap shot by Austen Brassard.
0:55 of 1st period - Shot Blocked by Jack Dougherty.
0:57 of 1st period - Slapshot by Madison Bowey.
0:57 of 1st period - Stopped by Justin Peters without a rebound.
0:58 of 1st period - Daniel Audette wins face-off versus Anthony Richard in Senators zone.
1:07 of 1st period - Snap shot by Brett Bulmer.
1:07 of 1st period - Stopped by Louis Domingue without a rebound.
1:08 of 1st period - Daniel Audette wins face-off versus Brett Bulmer in Punishers zone.
1:08 of 1st period - Daniel Audette is hit by Philippe Myers.
1:21 of 1st period - Slapshot by Brett Bulmer.
1:21 of 1st period - Shot Blocked by Joseph Cramarossa.
1:23 of 1st period - Snap shot by Philippe Myers.
1:23 of 1st period - Shot Misses the Net.
1:50 of 1st period - Snap shot by Joonas Lyytinen.
1:50 of 1st period - Deflect By Brett Kulak.
1:50 of 1st period - Stopped by Louis Domingue with a rebound.
1:58 of 1st period - Wrist shot by Brett Bulmer.
1:58 of 1st period - Stopped by Louis Domingue without a rebound.
1:59 of 1st period - Zack Hamill wins face-off versus Kevin Rooney in Punishers zone.
2:24 of 1st period - Radek Faksa is hit by Zemgus Girgensons.
2:30 of 1st period - Snap shot by Zemgus Girgensons.
2:30 of 1st period - Shot Misses the Net.
2:32 of 1st period - Slapshot by Scott Harrington.
2:32 of 1st period - Stopped by Louis Domingue without a rebound.
2:33 of 1st period - Zack Hamill wins face-off versus Jake Evans in Punishers zone.
2:44 of 1st period - Snap shot by Kyle Connor.
2:44 of 1st period - Senators goal is going for a video replay.
2:44 of 1st period - The goal is refused. The puck has been kicked using a distinct kicking motion..
2:45 of 1st period - Zachary Sanford wins face-off versus John Quenneville in Punishers zone.
2:52 of 1st period - Slapshot by Zachary Sanford.
2:52 of 1st period - Stopped by Louis Domingue without a rebound.
2:53 of 1st period - Kevin Rooney wins face-off versus John Quenneville in Punishers zone.
3:04 of 1st period - Adam Pelech is hit by Kevin Rooney and loses puck.
3:51 of 1st period - Wrist shot by Jonathan Ferland.
3:51 of 1st period - Shot Blocked by Madison Bowey.
3:59 of 1st period - Wrist shot by Jonathan Ferland.
3:59 of 1st period - Deflect By Adam Pelech.
3:59 of 1st period - Shot Misses the Net.
3:59 of 1st period - Puck is out of play.
4:00 of 1st period - Zack Hamill wins face-off versus Chandler Stephenson in Punishers zone.
4:37 of 1st period - Snap shot by Radek Faksa.
4:37 of 1st period - Stopped by Justin Peters with a rebound.
4:51 of 1st period - Slapshot by Tomas Jurco.
4:51 of 1st period - Shot Blocked by Ben Betker.
5:57 of 1st period - Off-side.
5:58 of 1st period - Andreas Athanasiou wins face-off versus Jake Evans in neutral zone.
6:01 of 1st period - Slapshot by Corey Tropp.
6:01 of 1st period - Stopped by Justin Peters with a rebound.
6:07 of 1st period - Snap shot by Corey Tropp.
6:07 of 1st period - Shot Misses the Net.
6:09 of 1st period - Snap shot by Adam Pelech.
6:09 of 1st period - Deflect By Corey Tropp.
6:09 of 1st period - Goal by Corey Tropp - Senators : 0 - Punishers : 1.
6:10 of 1st period - Andreas Athanasiou wins face-off versus Chandler Stephenson in neutral zone.
6:19 of 1st period - Zack Hamill is hit by Scott Harrington and loses puck.
6:38 of 1st period - Backhand shot by John Quenneville.
6:38 of 1st period - Shot Misses the Net.
6:54 of 1st period - Slapshot by Tomas Jurco.
6:54 of 1st period - Deflect By Madison Bowey.
6:54 of 1st period - Shot Misses the Net.
6:54 of 1st period - Puck is out of play.
6:55 of 1st period - Kevin Rooney wins face-off versus Radek Faksa in Punishers zone.
7:09 of 1st period - Off-side.
7:10 of 1st period - Zack Hamill wins face-off versus Jake Evans in neutral zone.
7:13 of 1st period - Backhand shot by Corey Tropp.
7:13 of 1st period - Shot Blocked by Jack Dougherty.
7:35 of 1st period - Carter Ashton is hit by Kevin Rooney and loses puck.
9:29 of 1st period - Wrist shot by Austen Brassard.
9:29 of 1st period - Shot Misses the Net.
9:59 of 1st period - Snap shot by Grant Besse.
9:59 of 1st period - Stopped by Louis Domingue with a rebound.
10:15 of 1st period - Wrist shot by Tyler Bertuzzi.
10:15 of 1st period - Shot Misses the Net.
10:39 of 1st period - Snap shot by Chandler Stephenson.
10:39 of 1st period - Deflect By Zemgus Girgensons.
10:39 of 1st period - Shot Misses the Net.
10:39 of 1st period - Puck is out of play.
10:40 of 1st period - Zack Hamill wins face-off versus Chandler Stephenson in Punishers zone.
10:49 of 1st period - Snap shot by Zack Hamill.
10:49 of 1st period - Stopped by Justin Peters with a rebound.
11:03 of 1st period - Corey Tropp is hit by Jack Dougherty and loses puck.
11:30 of 1st period - Carter Ashton is hit by Grant Besse and loses puck.
12:03 of 1st period - Slapshot by Adam Pelech.
12:03 of 1st period - Shot Misses the Net.
12:25 of 1st period - Slapshot by Radek Faksa.
12:25 of 1st period - Stopped by Justin Peters with a rebound.
12:53 of 1st period - Snap shot by Zack Hamill.
12:53 of 1st period - Stopped by Justin Peters without a rebound.
12:54 of 1st period - Zack Hamill wins face-off versus Chandler Stephenson in Senators zone.
13:28 of 1st period - Wrist shot by Zachary Sanford.
13:28 of 1st period - Stopped by Louis Domingue with a rebound.
14:24 of 1st period - Wrist shot by Brett Bulmer.
14:24 of 1st period - Stopped by Louis Domingue without a rebound.
14:25 of 1st period - Kevin Rooney wins face-off versus Daniel Audette in Punishers zone.
14:40 of 1st period - Madison Bowey is hit by Eric Mestery and loses puck.
16:40 of 1st period - Snap shot by Daniel Audette.
16:40 of 1st period - Stopped by Justin Peters with a rebound.
17:10 of 1st period - Corey Tropp is hit by Philippe Myers.
17:22 of 1st period - Snap shot by John Quenneville.
17:22 of 1st period - Shot Misses the Net.
17:32 of 1st period - Jake Evans is hit by John Quenneville.
17:44 of 1st period - Snap shot by Joseph Cramarossa.
17:44 of 1st period - Shot Misses the Net.
18:05 of 1st period - Kyle Connor is hit by Andreas Athanasiou and loses puck.
18:16 of 1st period - Snap shot by Kyle Connor.
18:16 of 1st period - Shot Misses the Net.
18:18 of 1st period - Backhand shot by Grant Besse.
18:18 of 1st period - Deflect By Tyler Bertuzzi.
18:18 of 1st period - Stopped by Louis Domingue without a rebound.
18:19 of 1st period - Tyler Bertuzzi wins face-off versus Zachary Sanford in Punishers zone.
19:10 of 1st period - Brett Bulmer is hit by John Quenneville and loses puck.
19:19 of 1st period - Wrist shot by Nikita Gusev.
19:19 of 1st period - Shot Misses the Net.
Goals for this period are 0 for Senators vs 1 for Punishers.
Shots for this period are 11 for Senators vs 8 for Punishers.
2nd period
0:01 of 2nd period - Zack Hamill wins face-off versus Kevin Rooney in neutral zone.
0:16 of 2nd period - Snap shot by Zack Hamill.
0:16 of 2nd period - Shot Misses the Net.
0:40 of 2nd period - Snap shot by Carter Ashton.
0:40 of 2nd period - Stopped by Justin Peters without a rebound.
0:41 of 2nd period - Kevin Rooney wins face-off versus John Quenneville in Senators zone.
0:43 of 2nd period - Minor Penalty to Jack Dougherty for Roughing.
0:44 of 2nd period - Zack Hamill wins face-off versus Jonathan Ferland in Senators zone.
0:50 of 2nd period - Snap shot by Andreas Athanasiou.
0:50 of 2nd period - Shot Misses the Net.
0:52 of 2nd period - Slapshot by Zack Hamill.
0:52 of 2nd period - Shot Blocked by Tomas Jurco.
0:54 of 2nd period - Snap shot by Madison Bowey.
0:54 of 2nd period - Deflect By Andreas Athanasiou.
0:54 of 2nd period - Shot Blocked by Scott Harrington.
0:54 of 2nd period - Puck is out of play.
0:55 of 2nd period - Zack Hamill wins face-off versus Jonathan Ferland in Senators zone.
1:26 of 2nd period - Wrist shot by Carter Ashton.
1:26 of 2nd period - Shot Misses the Net.
1:28 of 2nd period - Snap shot by Tyler Bertuzzi.
1:28 of 2nd period - Stopped by Justin Peters with a rebound.
1:30 of 2nd period - Snap shot by Madison Bowey.
1:30 of 2nd period - Shot Blocked by Dylan Blujus.
2:43 of 2nd period - Penalty to Jack Dougherty is over, Jack Dougherty is back on ice.
2:49 of 2nd period - Scott Harrington is hit by John Quenneville and loses puck.
3:00 of 2nd period - Backhand shot by Brett Bulmer.
3:00 of 2nd period - Stopped by Louis Domingue without a rebound.
3:01 of 2nd period - Kevin Rooney wins face-off versus Joseph Cramarossa in Punishers zone.
3:02 of 2nd period - Slapshot by Zachary Sanford.
3:02 of 2nd period - Stopped by Louis Domingue with a rebound.
3:14 of 2nd period - Snap shot by Zachary Sanford.
3:14 of 2nd period - Shot Misses the Net.
3:29 of 2nd period - Fredrik Claesson is hit by Chandler Stephenson.
4:13 of 2nd period - Backhand shot by Carter Ashton.
4:13 of 2nd period - Goal by Carter Ashton - Senators : 0 - Punishers : 2.
4:14 of 2nd period - Kevin Rooney wins face-off versus Zack Hamill in neutral zone.
4:21 of 2nd period - Wrist shot by Jonathan Ferland.
4:21 of 2nd period - Deflect By Zack Hamill.
4:21 of 2nd period - Shot Blocked by Andreas Athanasiou.
4:21 of 2nd period - Puck is out of play.
4:22 of 2nd period - Zack Hamill wins face-off versus Kevin Rooney in Punishers zone.
4:24 of 2nd period - Minor Penalty to Corey Tropp for Tripping.
4:25 of 2nd period - Kevin Rooney wins face-off versus Zack Hamill in Punishers zone.
5:01 of 2nd period - Snap shot by Chandler Stephenson.
5:01 of 2nd period - Shot Misses the Net.
5:03 of 2nd period - Wrist shot by Tomas Jurco.
5:03 of 2nd period - Goal by Tomas Jurco - Senators : 1 - Punishers : 2.
5:04 of 2nd period - Radek Faksa wins face-off versus Jonathan Ferland in neutral zone.
5:39 of 2nd period - Wrist shot by Corey Tropp.
5:39 of 2nd period - Shot Misses the Net.
5:41 of 2nd period - Snap shot by Zack Hamill.
5:41 of 2nd period - Goal by Zack Hamill - Senators : 1 - Punishers : 3.
5:42 of 2nd period - Kevin Rooney wins face-off versus Zack Hamill in neutral zone.
5:53 of 2nd period - Wrist shot by Jonathan Ferland.
5:53 of 2nd period - Shot Blocked by Adam Pelech.
5:55 of 2nd period - Snap shot by Zachary Sanford.
5:55 of 2nd period - Stopped by Louis Domingue without a rebound.
5:56 of 2nd period - Kevin Rooney wins face-off versus Zack Hamill in Punishers zone.
6:09 of 2nd period - Snap shot by Zachary Sanford.
6:09 of 2nd period - Stopped by Louis Domingue with a rebound.
6:26 of 2nd period - Snap shot by Tyler Bertuzzi.
6:26 of 2nd period - Shot Misses the Net.
7:00 of 2nd period - Brett Kulak is hit by Kevin Rooney and loses puck.
7:17 of 2nd period - Snap shot by Nikita Gusev.
7:17 of 2nd period - Shot Misses the Net.
7:19 of 2nd period - Wrist shot by John Quenneville.
7:19 of 2nd period - Shot Misses the Net.
7:23 of 2nd period - Snap shot by Austen Brassard.
7:23 of 2nd period - Shot Misses the Net.
7:25 of 2nd period - Wrist shot by Austen Brassard.
7:25 of 2nd period - Shot Misses the Net.
7:27 of 2nd period - Slapshot by Ben Betker.
7:27 of 2nd period - Stopped by Justin Peters without a rebound.
7:28 of 2nd period - Zack Hamill wins face-off versus Chandler Stephenson in Senators zone.
7:29 of 2nd period - Snap shot by Corey Tropp.
7:29 of 2nd period - Goal by Corey Tropp - Senators : 1 - Punishers : 4.
7:29 of 2nd period - Sami Aittokallio enters game.
7:30 of 2nd period - Kevin Rooney wins face-off versus Zack Hamill in neutral zone.
7:52 of 2nd period - Minor Penalty to Scott Harrington for Diving.
7:53 of 2nd period - Zack Hamill wins face-off versus Jonathan Ferland in Senators zone.
9:52 of 2nd period - Penalty to Scott Harrington is over, Scott Harrington is back on ice.
10:06 of 2nd period - Slapshot by John Quenneville.
10:06 of 2nd period - Stopped by Sami Aittokallio with a rebound.
10:08 of 2nd period - Snap shot by Nikita Gusev.
10:08 of 2nd period - Stopped by Sami Aittokallio without a rebound.
10:09 of 2nd period - Jake Evans wins face-off versus Daniel Audette in Senators zone.
11:10 of 2nd period - Off-side.
11:11 of 2nd period - Chandler Stephenson wins face-off versus Zack Hamill in neutral zone.
11:16 of 2nd period - Slapshot by Zemgus Girgensons.
11:16 of 2nd period - Shot Misses the Net.
11:18 of 2nd period - Wrist shot by Joonas Lyytinen.
11:18 of 2nd period - Stopped by Louis Domingue without a rebound.
11:19 of 2nd period - Corey Tropp wins face-off versus Kevin Rooney in Punishers zone.
12:17 of 2nd period - Snap shot by Madison Bowey.
12:17 of 2nd period - Stopped by Sami Aittokallio with a rebound.
12:19 of 2nd period - Slapshot by Austen Brassard.
12:19 of 2nd period - Shot Blocked by Eric Mestery.
12:29 of 2nd period - Slapshot by Joseph Cramarossa.
12:29 of 2nd period - Goal by Joseph Cramarossa - Senators : 1 - Punishers : 5.
12:30 of 2nd period - Kevin Rooney wins face-off versus Zack Hamill in neutral zone.
12:33 of 2nd period - Slapshot by Zachary Sanford.
12:33 of 2nd period - Goal by Zachary Sanford - Senators : 2 - Punishers : 5.
12:34 of 2nd period - Kevin Rooney wins face-off versus Zack Hamill in neutral zone.
12:43 of 2nd period - Wrist shot by Jonathan Ferland.
12:43 of 2nd period - Stopped by Louis Domingue with a rebound.
13:21 of 2nd period - Jonathan Ferland is hit by Ben Betker and loses puck.
13:28 of 2nd period - Slapshot by Michael Joly.
13:28 of 2nd period - Shot Misses the Net.
13:30 of 2nd period - Snap shot by Daniel Audette.
13:30 of 2nd period - Deflect By Michael Joly.
13:30 of 2nd period - Shot Blocked by Dylan Blujus.
13:30 of 2nd period - Puck is out of play.
13:31 of 2nd period - Chandler Stephenson wins face-off versus Zack Hamill in Senators zone.
13:36 of 2nd period - Slapshot by Jack Dougherty.
13:36 of 2nd period - Deflect By Corey Tropp.
13:36 of 2nd period - Stopped by Louis Domingue without a rebound.
13:37 of 2nd period - Corey Tropp wins face-off versus Chandler Stephenson in Punishers zone.
13:37 of 2nd period - Corey Tropp is hit by Jack Dougherty.
13:45 of 2nd period - Wrist shot by Zack Hamill.
13:45 of 2nd period - Stopped by Sami Aittokallio with a rebound.
13:53 of 2nd period - Slapshot by Tomas Jurco.
13:53 of 2nd period - Stopped by Louis Domingue with a rebound.
14:03 of 2nd period - Eric Mestery is hit by Adam Pelech and loses puck.
15:39 of 2nd period - Wrist shot by Tyler Bertuzzi.
15:39 of 2nd period - Deflect By Carter Ashton.
15:39 of 2nd period - Stopped by Sami Aittokallio without a rebound.
15:40 of 2nd period - Kevin Rooney wins face-off versus John Quenneville in Senators zone.
15:53 of 2nd period - Wrist shot by Jonathan Ferland.
15:53 of 2nd period - Stopped by Louis Domingue without a rebound.
15:54 of 2nd period - Kevin Rooney wins face-off versus Zack Hamill in Punishers zone.
16:07 of 2nd period - Snap shot by Zachary Sanford.
16:07 of 2nd period - Goal by Zachary Sanford - Senators : 3 - Punishers : 5.
16:08 of 2nd period - Corey Tropp wins face-off versus Kevin Rooney in neutral zone.
16:33 of 2nd period - Adam Pelech is hit by Zemgus Girgensons and loses puck.
16:58 of 2nd period - Wrist shot by Grant Besse.
16:58 of 2nd period - Shot Blocked by John Quenneville.
17:18 of 2nd period - Slapshot by Zack Hamill.
17:18 of 2nd period - Stopped by Sami Aittokallio with a rebound.
17:20 of 2nd period - Slapshot by Ben Betker.
17:20 of 2nd period - Shot Blocked by Jack Dougherty.
17:22 of 2nd period - Slapshot by Brett Kulak.
17:22 of 2nd period - Stopped by Sami Aittokallio without a rebound.
17:23 of 2nd period - Radek Faksa wins face-off versus Kevin Rooney in Senators zone.
17:26 of 2nd period - Wrist shot by Carter Ashton.
17:26 of 2nd period - Stopped by Sami Aittokallio without a rebound.
17:27 of 2nd period - Radek Faksa wins face-off versus Kevin Rooney in Senators zone.
17:42 of 2nd period - Slapshot by Zachary Sanford.
17:42 of 2nd period - Stopped by Louis Domingue without a rebound.
17:43 of 2nd period - Zack Hamill wins face-off versus Chandler Stephenson in Punishers zone.
17:50 of 2nd period - Slapshot by Madison Bowey.
17:50 of 2nd period - Shot Blocked by Dylan Blujus.
17:52 of 2nd period - Snap shot by Andreas Athanasiou.
17:52 of 2nd period - Shot Blocked by Dylan Blujus.
17:54 of 2nd period - Snap shot by Zack Hamill.
17:54 of 2nd period - Stopped by Sami Aittokallio without a rebound.
17:55 of 2nd period - Zack Hamill wins face-off versus Zachary Sanford in Senators zone.
18:02 of 2nd period - Snap shot by Corey Tropp.
18:02 of 2nd period - Stopped by Sami Aittokallio with a rebound.
18:20 of 2nd period - Chandler Stephenson is hit by Adam Pelech and loses puck.
18:40 of 2nd period - Icing by Eric Mestery.
18:41 of 2nd period - John Quenneville wins face-off versus Chandler Stephenson in Senators zone.
18:50 of 2nd period - Wrist shot by Zack Hamill.
18:50 of 2nd period - Shot Misses the Net.
18:52 of 2nd period - Wrist shot by Zack Hamill.
18:52 of 2nd period - Stopped by Sami Aittokallio without a rebound.
18:53 of 2nd period - Kevin Rooney wins face-off versus Zack Hamill in Senators zone.
19:02 of 2nd period - Zachary Sanford is hit by Andreas Athanasiou and loses puck.
19:49 of 2nd period - Snap shot by Joseph Cramarossa.
19:49 of 2nd period - Stopped by Sami Aittokallio with a rebound.
Goals for this period are 3 for Senators vs 4 for Punishers.
Shots for this period are 13 for Senators vs 19 for Punishers.
3rd period
0:01 of 3rd period - Kevin Rooney wins face-off versus Zack Hamill in neutral zone.
0:08 of 3rd period - Wrist shot by Zachary Sanford.
0:08 of 3rd period - Stopped by Louis Domingue with a rebound.
0:10 of 3rd period - Snap shot by Zachary Sanford.
0:10 of 3rd period - Stopped by Louis Domingue with a rebound.
0:12 of 3rd period - Slapshot by Kevin Rooney.
0:12 of 3rd period - Stopped by Louis Domingue without a rebound.
0:13 of 3rd period - Corey Tropp wins face-off versus Jonathan Ferland in Punishers zone.
0:13 of 3rd period - Corey Tropp is hit by Jonathan Ferland.
1:02 of 3rd period - Grant Besse is hit by Austen Brassard and loses puck.
1:07 of 3rd period - Wrist shot by John Quenneville.
1:07 of 3rd period - Stopped by Sami Aittokallio with a rebound.
1:09 of 3rd period - Snap shot by Adam Pelech.
1:09 of 3rd period - Stopped by Sami Aittokallio with a rebound.
1:11 of 3rd period - Snap shot by Adam Pelech.
1:11 of 3rd period - Stopped by Sami Aittokallio without a rebound.
1:12 of 3rd period - Zack Hamill wins face-off versus Kevin Rooney in Senators zone.
1:21 of 3rd period - Slapshot by Jonathan Ferland.
1:21 of 3rd period - Stopped by Louis Domingue with a rebound.
1:23 of 3rd period - Wrist shot by Jonathan Ferland.
1:23 of 3rd period - Shot Misses the Net.
1:25 of 3rd period - Backhand shot by Jonathan Ferland.
1:25 of 3rd period - Shot Blocked by Adam Pelech.
1:27 of 3rd period - Snap shot by Jonathan Ferland.
1:27 of 3rd period - Shot Misses the Net.
1:44 of 3rd period - Wrist shot by Grant Besse.
1:44 of 3rd period - Shot Blocked by Niko Mikkola.
1:46 of 3rd period - Slapshot by Eric Mestery.
1:46 of 3rd period - Stopped by Louis Domingue with a rebound.
2:00 of 3rd period - Chandler Stephenson is hit by Radek Faksa.
2:03 of 3rd period - Off-side.
2:04 of 3rd period - Chandler Stephenson wins face-off versus Radek Faksa in neutral zone.
2:12 of 3rd period - Off-side.
2:13 of 3rd period - Radek Faksa wins face-off versus Kevin Rooney in neutral zone.
2:48 of 3rd period - Slapshot by Zack Hamill.
2:48 of 3rd period - Stopped by Sami Aittokallio with a rebound.
3:28 of 3rd period - Slapshot by Brett Bulmer.
3:28 of 3rd period - Shot Blocked by Ben Betker.
3:30 of 3rd period - Slapshot by Jack Dougherty.
3:30 of 3rd period - Stopped by Louis Domingue with a rebound.
4:00 of 3rd period - Corey Tropp is hit by Joonas Lyytinen and loses puck.
4:27 of 3rd period - Madison Bowey is hit by Scott Harrington and loses puck.
4:42 of 3rd period - Joseph Cramarossa is hit by Eric Mestery and loses puck.
5:30 of 3rd period - Snap shot by Zachary Sanford.
5:30 of 3rd period - Stopped by Louis Domingue with a rebound.
5:45 of 3rd period - John Quenneville is hit by Dylan Blujus and loses puck.
5:50 of 3rd period - Wrist shot by Jake Evans.
5:50 of 3rd period - Stopped by Louis Domingue without a rebound.
5:51 of 3rd period - Chandler Stephenson wins face-off versus Carter Ashton in Punishers zone.
5:55 of 3rd period - Minor Penalty to Radek Faksa for Holding Stick.
5:56 of 3rd period - Kevin Rooney wins face-off versus Zack Hamill in Punishers zone.
5:56 of 3rd period - Wrist shot by Zachary Sanford.
5:56 of 3rd period - Shot Blocked by Adam Pelech.
5:58 of 3rd period - Snap shot by Kevin Rooney.
5:58 of 3rd period - Shot Misses the Net.
6:00 of 3rd period - Wrist shot by Dylan Blujus.
6:00 of 3rd period - Shot Blocked by Adam Pelech.
6:02 of 3rd period - Slapshot by Dylan Blujus.
6:02 of 3rd period - Deflect By Kevin Rooney.
6:02 of 3rd period - Shot Blocked by Madison Bowey.
6:02 of 3rd period - Puck is out of play.
6:03 of 3rd period - Zack Hamill wins face-off versus Zachary Sanford in Punishers zone.
6:29 of 3rd period - Icing by Scott Harrington.
6:30 of 3rd period - Zack Hamill wins face-off versus Chandler Stephenson in Senators zone.
7:13 of 3rd period - Slapshot by Chandler Stephenson.
7:13 of 3rd period - Stopped by Louis Domingue without a rebound.
7:14 of 3rd period - Zack Hamill wins face-off versus Kevin Rooney in Punishers zone.
7:41 of 3rd period - Madison Bowey is hit by Eric Mestery and loses puck.
7:55 of 3rd period - Penalty to Radek Faksa is over, Radek Faksa is back on ice.
8:08 of 3rd period - Radek Faksa is hit by Brett Bulmer and loses puck.
8:20 of 3rd period - Minor Penalty to Brett Bulmer for Hooking.
8:21 of 3rd period - Radek Faksa wins face-off versus Jonathan Ferland in Senators zone.
10:03 of 3rd period - Andreas Athanasiou is hit by Jack Dougherty and loses puck.
10:20 of 3rd period - Penalty to Brett Bulmer is over, Brett Bulmer is back on ice.
10:32 of 3rd period - Snap shot by John Quenneville.
10:32 of 3rd period - Shot Hit the Post.
10:34 of 3rd period - Slapshot by Noah Juulsen.
10:34 of 3rd period - Shot Misses the Net.
10:54 of 3rd period - Snap shot by Kyle Connor.
10:54 of 3rd period - Shot Misses the Net.
11:01 of 3rd period - Minor Penalty to Joseph Cramarossa for Interference.
11:02 of 3rd period - Kevin Rooney wins face-off versus Zack Hamill in Punishers zone.
13:01 of 3rd period - Penalty to Joseph Cramarossa is over, Joseph Cramarossa is back on ice.
13:37 of 3rd period - Niko Mikkola is hit by Adam Ollas-Mattsson and loses puck.
13:58 of 3rd period - Anthony Richard is hit by Michael Joly and loses puck.
14:33 of 3rd period - Snap shot by Austen Brassard.
14:33 of 3rd period - Goal by Austen Brassard - Senators : 3 - Punishers : 6.
14:34 of 3rd period - Kevin Rooney wins face-off versus Zack Hamill in neutral zone.
14:43 of 3rd period - Snap shot by Jonathan Ferland.
14:43 of 3rd period - Shot Misses the Net.
14:45 of 3rd period - Snap shot by Zachary Sanford.
14:45 of 3rd period - Shot Misses the Net.
14:47 of 3rd period - Slapshot by Eric Mestery.
14:47 of 3rd period - Stopped by Louis Domingue without a rebound.
14:48 of 3rd period - Kevin Rooney wins face-off versus Zack Hamill in Punishers zone.
15:13 of 3rd period - Radek Faksa is hit by Zemgus Girgensons and loses puck.
15:33 of 3rd period - Icing by Radek Faksa.
15:34 of 3rd period - John Quenneville wins face-off versus Jake Evans in Punishers zone.
15:43 of 3rd period - Snap shot by Adam Pelech.
15:43 of 3rd period - Stopped by Sami Aittokallio with a rebound.
15:49 of 3rd period - Slapshot by Kyle Connor.
15:49 of 3rd period - Deflect By Austen Brassard.
15:49 of 3rd period - Shot Blocked by Adam Pelech.
15:49 of 3rd period - Puck is out of play.
15:50 of 3rd period - Kevin Rooney wins face-off versus Zack Hamill in Punishers zone.
16:15 of 3rd period - Carter Ashton is hit by Chandler Stephenson and loses puck.
16:58 of 3rd period - Wrist shot by Brett Bulmer.
16:58 of 3rd period - Stopped by Louis Domingue with a rebound.
17:20 of 3rd period - Snap shot by Corey Tropp.
17:20 of 3rd period - Stopped by Sami Aittokallio without a rebound.
17:21 of 3rd period - Zachary Sanford wins face-off versus Zack Hamill in Senators zone.
18:41 of 3rd period - Slapshot by Adam Pelech.
18:41 of 3rd period - Shot Misses the Net.
19:03 of 3rd period - Wrist shot by Tyler Bertuzzi.
19:03 of 3rd period - Stopped by Sami Aittokallio without a rebound.
19:04 of 3rd period - Chandler Stephenson wins face-off versus Zack Hamill in Senators zone.
19:33 of 3rd period - Snap shot by Jake Evans.
19:33 of 3rd period - Stopped by Louis Domingue with a rebound.
19:49 of 3rd period - Nikita Gusev is hit by Brett Bulmer and loses puck.
19:54 of 3rd period - Snap shot by Brett Bulmer.
19:54 of 3rd period - Stopped by Louis Domingue without a rebound.
19:55 of 3rd period - Zack Hamill wins face-off versus Kevin Rooney in Punishers zone.
Goals for this period are 0 for Senators vs 1 for Punishers.
Shots for this period are 13 for Senators vs 8 for Punishers.